 Dungeon Crawl Stone Soup version 0.27.1-33-g824d729ab1 (webtiles) character file.

Game seed: 14919943229759895647

87 Labrat the Magician (level 4, -1/32 HPs)
             Began as a Gnoll Hedge Wizard on Dec 24, 2021.
             Slain by a gnoll (8 damage)
             ... on level 4 of the Dungeon.
             The game lasted 00:10:05 (2572 turns).

Labrat the Magician (Gnoll Hedge Wizard)            Turns: 2572, Time: 00:10:06

Health: -1/32      AC:  3    Str:  9    XL:     4   Next: 51%
Magic:  13/13      EV: 13    Int: 14    God:
Gold:   128        SH:  0    Dex: 12    Spells: 11/17 levels left

rFire    . . .     SeeInvis .   d - +1 short sword (freeze)
rCold    . . .     Faith    .   (no shield)
rNeg     . . .     Spirit   .   b - +0 robe
rPois    .         Reflect  .   c - +0 hat
rElec    .         Harm     .   (no cloak)
rCorr    .         Rampage  .   e - +0 pair of gloves
Will     .....                  (no boots)
Stlth    ++........             g - amulet of magic regeneration
HPRegen  0.10/turn              (no ring)
MPRegen  0.38/turn              (no ring)

@: no status effects
A: fangs 1, strong nose, distributed training
a: no special abilities


You were on level 4 of the Dungeon.
You visited 1 branch of the dungeon, and saw 4 of its levels.

You collected 128 gold pieces.

Inventory:

Hand Weapons
 d - a +1 short sword of freezing (weapon)
Missiles
 j - 2 throwing nets
 k - 5 atropa-tipped darts
Armour
 b - a +0 robe (worn)
 c - a +0 hat (worn)
 e - a +0 pair of gloves (worn)
Jewellery
 g - an amulet of magic regeneration (around neck)
Scrolls
 a - a scroll of immolation {unknown}
 f - 2 scrolls of noise {unknown}
 h - a scroll of enchant weapon {unknown}
 i - a scroll of amnesia {unknown}


   Skills:
 + Level 1.1 Fighting
 + Level 1.1 Short Blades
 + Level 1.1 Long Blades
 + Level 1.1 Axes
 + Level 1.1 Maces & Flails
 + Level 1.1 Polearms
 + Level 1.1 Staves
 + Level 1.1 Slings
 + Level 1.1 Bows
 + Level 1.1 Crossbows
 + Level 1.1 Throwing
 + Level 1.1 Armour
 + Level 4.6 Dodging
 + Level 4.2 Stealth
 + Level 1.1 Shields
 + Level 1.1 Unarmed Combat
 + Level 7.2 Spellcasting
 + Level 2.2 Conjurations
 + Level 0.9 Hexes
 + Level 2.2 Summonings
 + Level 0.9 Necromancy
 + Level 2.2 Translocations
 + Level 0.9 Transmutations
 + Level 0.9 Fire Magic
 + Level 0.9 Ice Magic
 + Level 0.9 Air Magic
 + Level 0.9 Earth Magic
 + Level 0.9 Poison Magic
 + Level 1.2 Invocations
 + Level 1.1 Evocations


You had 11 spell levels left.
You knew the following spells:

 Your Spells              Type           Power      Damage    Failure   Level
a - Magic Dart            Conj           44%        1d5       5%          1
b - Blink                 Tloc           N/A        N/A       9%          2
c - Mephitic Cloud        Conj/Pois/Air  8%         N/A       24%         3

Your spell library contained the following spells:

 Spells                   Type           Power      Damage    Failure   Level
 Call Imp                 Summ           11%        N/A       9%          2
 Passwall                 Tmut/Erth      5%         N/A       14%         2
 Slow                     Hex            7%         N/A       14%         2
 Conjure Flame            Conj/Fire      9%         6-21      22%         3
 Confusing Touch          Hex            7%         N/A       28%         3
 Swiftness                Air            7%         N/A       28%         3
 Vampiric Draining        Necr           3%         2d6       28%         3
 Invisibility             Hex            3%         N/A       100%        6


Dungeon Overview and Level Annotations

Branches:
Dungeon (4/15)
 Temple: D:4-7

Altars:

Shops:
D:1 :

Annotations:
D:2 Sigmund
D:3 exclusion: zombie


Innate Abilities, Weirdness & Mutations

You have very sharp teeth.
Your uncanny sense of smell can sniff out nearby items.
Your experience applies equally to all skills.


Message History

The gnoll closely misses you.
You barely miss the gnoll. Your bite misses the gnoll.
The gnoll is moderately wounded.
The gnoll hits you with a +0 spear.
You hit the gnoll but do no damage.
The gnoll is moderately wounded.
The gnoll misses you.
You hit the gnoll but do no damage. Your bite misses the gnoll.
The gnoll is moderately wounded.
The gnoll closely misses you.
You closely miss the gnoll.
The gnoll is moderately wounded.
The gnoll hits you with a +0 spear.
You closely miss the gnoll.
The gnoll is moderately wounded.
The gnoll misses you.
You hit the gnoll but do no damage.
The gnoll is lightly wounded.
The gnoll hits you with a +0 spear.
You barely miss the gnoll.
The gnoll is lightly wounded.
The gnoll barely misses you.
You hit the gnoll. You freeze the gnoll.
The gnoll is moderately wounded.
The gnoll hits you with a +0 spear.
You hit the gnoll. You freeze the gnoll.
The gnoll is heavily wounded.
The gnoll hits you but does no damage.
You barely miss the gnoll.
The gnoll is heavily wounded.
The gnoll hits you with a +0 spear.
You hit the gnoll. You freeze the gnoll.
The gnoll is heavily wounded.
The gnoll closely misses you.
The gnoll throws a throwing net.
The throwing net misses you.
You see here a throwing net.
The gnoll hits you from afar with a +0 spear.
* * * LOW HITPOINT WARNING * * *
The gnoll hits you from afar with a +0 spear!
You die...

.# .# .# .##
..###############
................#
.......########.##
......## ####..#
#######.. ##..##@#
#.##.##.#.#
#.##.##g.#
#.##g####
#..(#g(.#
#########


You could see a gnoll.

Vanquished Creatures
  3 adders
  3 orcs
  6 endoplasms
  3 giant cockroaches
  6 goblins
  5 hobgoblins
  7 jackals
  3 quokkas
  6 ball pythons
  A bat (D:2)
  A frilled lizard (D:2)
  4 kobolds
  2 rats
  A spectral kobold (D:1)
51 creatures vanquished.

Notes
Turn   | Place    | Note
-------+----------+-------------------------------------------
     0 | D:1      | Labrat the Gnoll Hedge Wizard began the quest for the Orb.
     0 | D:1      | Reached XP level 1. HP: 13/13 MP: 8/8
    48 | D:1      | Found Acheliri's Book Boutique.
   388 | D:1      | Reached XP level 2. HP: 19/19 MP: 8/10
   774 | D:1      | Found a faded altar of an unknown god.
  1092 | D:2      | Learned a level 2 spell: Blink
  1174 | D:2      | Reached XP level 3. HP: 25/25 MP: 11/11
  1214 | D:2      | Noticed Sigmund
  1266 | D:2      | Reached skill level 1 in Invocations
  1282 | D:2      | Learned a level 3 spell: Mephitic Cloud
  1539 | D:2      | Reached skill level 1 in Fighting
  1539 | D:2      | Reached skill level 1 in Short Blades
  1539 | D:2      | Reached skill level 1 in Long Blades
  1539 | D:2      | Reached skill level 1 in Axes
  1539 | D:2      | Reached skill level 1 in Maces & Flails
  1539 | D:2      | Reached skill level 1 in Polearms
  1539 | D:2      | Reached skill level 1 in Staves
  1539 | D:2      | Reached skill level 1 in Slings
  1539 | D:2      | Reached skill level 1 in Bows
  1539 | D:2      | Reached skill level 1 in Crossbows
  1539 | D:2      | Reached skill level 1 in Throwing
  1539 | D:2      | Reached skill level 1 in Armour
  1539 | D:2      | Reached skill level 1 in Shields
  1539 | D:2      | Reached skill level 1 in Unarmed Combat
  1539 | D:2      | Reached skill level 1 in Evocations
  1539 | D:2      | Reached XP level 4. HP: 32/32 MP: 13/13
  2572 | D:4      | Slain by a gnoll

Illustrated notes

Levels and vault maps discovered:
D:1:      ebering_hopf_link, layout_loops_ring, serial_shops, shop,
          dreamdust_ecumenical_altar_drowned_temple, minivault_25
D:2:      layout_rooms, uniq_sigmund
D:3:      layout_loops_ring, minmay_fountain_box, hangedman_feature_mirror
D:4:      layout_rooms, marbit_many_paths, patterned_corridor

Skill      XL: |  1  2  3 |
---------------+----------+-----
Conjurations   | 2 |  2.2
Summonings     | 2 |  2.2
Translocations | 2 |  2.2
Invocations    | 1 |  1.2
Fighting       | 1 |  1.1
Short Blades   | 1 |  1.1
Long Blades    | 1 |  1.1
Axes           | 1 |  1.1
Maces & Flails | 1 |  1.1
Polearms       | 1 |  1.1
Staves         | 1 |  1.1
Slings         | 1 |  1.1
Bows           | 1 |  1.1
Crossbows      | 1 |  1.1
Throwing       | 1 |  1.1
Armour         | 1 |  1.1
Shields        | 1 |  1.1
Unarmed Combat | 1 |  1.1
Evocations     | 1 |  1.1
Dodging        | |  4.6
Stealth        | |  4.2
Spellcasting   | |  7.2
Hexes          | |  0.9
Necromancy     | |  0.9
Transmutations | |  0.9
Fire Magic     | |  0.9
Ice Magic      | |  0.9
Air Magic      | |  0.9
Earth Magic    | |  0.9
Poison Magic   | |  0.9

Action                   |  1- 3 |  4- 6 || total
-------------------------+-------+-------++-------
Melee: Short sword       |    30 |    41 ||    71
       Bite              |       |     2 ||     2
 Cast: Magic Dart        |    81 |    25 ||   106
 Stab: Sleeping          |     1 |     1 ||     2
Armor: Robe              |     8 |     8 ||    16
Dodge: Dodged            |    18 |    30 ||    48
